 Dungeon Crawl Stone Soup version 0.29-a0-565-g7a16c6de65 (webtiles) character file.

Game seed: 14014169600483354974

4358 Lekart the Cruncher (level 10, -6/88 HPs)
             Began as a Grey Draconian Fighter on June 12, 2022.
             Was a High Priest of Cheibriados.
             Mangled by a balrug
             ... wielding a +1 demon whip of venom
              (10 damage)
             ... on level 1 of the Abyss.
             The game lasted 00:09:45 (7219 turns).

Lekart the Cruncher (Grey Draconian Fighter)        Turns: 7219, Time: 00:09:45

Health: -6/88      AC: 16    Str: 37    XL:     10   Next: 12%
Magic:  10/10      EV: 20    Int: 23    God:    Cheibriados [*****.]
Gold:   344        SH:  0    Dex: 21    Spells: 9/9 levels left

rFire   . . .      SeeInvis +   s - +10 quarterstaff of Tomorrow {vamp, Will++ Dex-3}
rCold   . . .      Faith    +   (shield currently unavailable)
rNeg    . . .      Spirit   .   (body armour unavailable)
rPois   .          Reflect  .   (helmet restricted)
rElec   .          Harm     .   l - +1 cloak
rCorr   .          Rampage  .   (no gloves)
Will    ++...                   u - +1 pair of boots
Stlth   ++........              t - amulet of faith
HPRegen 0.24/turn               g - +4 ring of evasion
MPRegen 0.12/turn               x - ring of see invisible

@: very slow
A: AC +12, amphibious, unfitting armour, cold-blooded
a: Renounce Religion, Bend Time, Temporal Distortion, Slouch, Step From Time


You were on level 1 of the Abyss.
You worshipped Cheibriados.
Cheibriados was extremely pleased with you.
You visited 1 branch of the dungeon, and saw 11 of its levels.
You visited the Abyss 1 time.

You collected 344 gold pieces.

Inventory:

Hand Weapons
 a - a +0 war axe
 e - a +2 dagger of flaming
 s - the +10 quarterstaff of Tomorrow (weapon) {vamp, Will++ Dex-3}
   (You found it on level 3 of the Dungeon)

   It occasionally heals its wielder for a portion of the damage dealt when it
   wounds a living foe.
   Dex:       It affects your dexterity (-3).
   Will:      It greatly increases your willpower.
Missiles
 d - a throwing net (quivered)
Armour
 b - a +0 buckler
 l - a +1 cloak (worn)
 u - a +1 pair of boots (worn)
Jewellery
 g - a +4 ring of evasion (left hand)
 i - a ring of ice
 r - a +4 ring of slaying
 t - an amulet of faith (around neck)
 x - a ring of see invisible (right hand)
 y - an amulet of guardian spirit
 D - an amulet of magic regeneration
Wands
 C - a wand of mindburst (9)
Scrolls
 n - 3 scrolls of fog
 q - a scroll of vulnerability
 w - a scroll of poison
Potions
 c - a potion of might
 f - 2 potions of heal wounds
 j - 2 potions of flight
 k - 3 potions of berserk rage
 m - 2 potions of curing
 o - a potion of invisibility
 v - a potion of attraction {unknown}
 z - a potion of haste {unknown}
 A - a potion of resistance {unknown}
 B - a potion of lignification {unknown}


   Skills:
 + Level 7.6 Fighting
 + Level 0.6 Short Blades
 + Level 3.6 Axes
 + Level 11.2 Staves
 + Level 6.2 Dodging
 + Level 3.6 Shields


You had 9 spell levels left.
You didn't know any spells.
Your spell library contained the following spells:

 Spells                   Type           Power      Damage    Failure   Level
 Blink                    Tloc           0%         N/A       24%         2
 Ensorcelled Hibernation  Hex/Ice        0%         N/A       24%         2
 Passwall                 Tmut/Erth      0%         N/A       24%         2
 Lesser Beckoning         Tloc           0%         N/A       43%         3
 Mephitic Cloud           Conj/Pois/Air  0%         N/A       43%         3
 Portal Projectile        Hex/Tloc       0%         N/A       43%         3
 Spider Form              Tmut/Pois      0%         N/A       43%         3
 Swiftness                Air            0%         N/A       43%         3
 Tukima's Dance           Hex            0%         N/A       43%         3
 Passage of Golubria      Tloc           0%         N/A       83%         4
 Blade Hands              Tmut           0%         N/A       99%         5
 Manifold Assault         Tloc           0%         N/A       99%         5
 Yara's Violent Unravell  Hex/Tmut       0%         3d3       99%         5
 Dragon Form              Tmut           0%         N/A       100%        7


Dungeon Overview and Level Annotations

Branches:
Dungeon (12/15)            Temple (0/1) D:7            Lair (0/6) D:8
    Orc (0/2) D:12

Altars:
Cheibriados
Hepliaklqana
Uskayaw

Annotations:
D:11 Sonja


Innate Abilities, Weirdness & Mutations

Your dull iron-grey scales are very hard. (AC +12)
You are amphibious.
You cannot fit into any form of body armour.
You are cold-blooded and may be slowed by cold attacks.


Message History

Sonja shouts!
You sock the two-headed ogre!
The two-headed ogre is moderately wounded.
Okay, then.
You don't know any spells.
The flow of time bends around you.
The two-headed ogre easily resists.
The two-headed ogre closely misses you. x2
As you read the scroll of teleportation, it crumbles to dust.
You feel strangely unstable. Sonja misses you.
Sonja hits you with a +1 dagger of distortion.
You are cast into the Abyss!
This branch contains the abyssal rune of Zot.
You start resting.
You are suddenly pulled into a different region of the Abyss!
Okay, then.
Magic restored.
HP restored.
A sun demon comes into view.
The sun demon shouts!
You hear a shout! x3
A balrug comes into view.
It is wielding a +1 demon whip of venom.
The balrug shouts!
There are monsters nearby!
There are monsters nearby!
The sun demon hits you!
You are engulfed in flames!!
The sun demon hits you!
You are engulfed in flames!
* * * LOW HITPOINT WARNING * * *
A sun demon comes into view.
You are too injured to fight recklessly!
You are too injured to fight recklessly!
You are too injured to fight recklessly!
You feel much better. The sun demon closely misses you.
The balrug hits you with a +1 demon whip of venom!
You are engulfed in flames!!
* * * LOW HITPOINT WARNING * * *
Okay, then.
You fail to use your ability.
A sun demon comes into view.
The sun demon hits you but does no damage.
The balrug hits you with a +1 demon whip of venom!
You die...

####...##
#.###.#.#
##..#.#.##
#....#.#.#
##....#.#.#
#.#.##....# #
## ...#.#.#.#.#
###.#.#.#.#.#..
##
#.33@.#..#..#
...#
#3#.2#.#....#.
... ....####.#.
.. # .. ......
#...... ..#
...## .
##.##... . .. #
. .#. # # # ..
#... . . #.## .
.# # #..#


You could see a balrug and 3 sun demons.

Vanquished Creatures
  Pikel (D:7)
  A wyvern (D:9)
  A yak (D:8)
  A steam dragon (D:8)
  A swamp worm (D:7)
  4 water moccasins (D:8)
  2 orc warriors
  A sky beast (D:7)
  3 ice beasts
  A black bear (D:8)
  3 ogres
  3 lemures (D:7)
  A phantom (D:6)
  3 kobold brigands
  2 necrophages
  4 scorpions
  10 bullfrogs
  3 killer bees (D:7)
  2 howler monkeys
  3 orc priests
  3 gnoll shamans
  4 hounds
  A jelly (D:7)
  An iguana (D:5)
  3 orc wizards
  7 gnolls
  5 adders
  A shadow imp (D:6)
  4 white imps
  An ufetubus (D:4)
  3 dart slugs
  25 orcs
  12 ball pythons
  3 endoplasms
  3 giant cockroaches
  8 hobgoblins
  2 jackals (D:4)
  11 kobolds
  2 quokkas
  A bat (D:1)
  A frilled lizard (D:2)
  8 goblins
  9 rats
168 creatures vanquished.

Vanquished Creatures (others)
  9 kobolds (D:8)
  48 fungi
  56 plants
113 creatures vanquished.

Grand Total: 281 creatures vanquished

Notes
Turn   | Place    | Note
-------+----------+-------------------------------------------
     0 | D:1      | Lekart the Draconian Fighter began the quest for the Orb.
     0 | D:1      | Reached XP level 1. HP: 19/19 MP: 1/1
   114 | D:1      | Found a faded altar of an unknown god.
   122 | D:1      | Reached XP level 2. HP: 22/26 MP: 2/2
   595 | D:1      | Reached XP level 3. HP: 33/33 MP: 3/3
   852 | D:1      | Prayed at the altar of an unknown god.
   852 | D:1      | Became a worshipper of Cheibriados the Contemplative
   852 | D:1      | Reached * piety under Cheibriados
  1362 | D:2      | Reached XP level 4. HP: 38/40 MP: 4/4
  1597 | D:3      | Reached ** piety under Cheibriados
  1747 | D:3      | Identified the +10 quarterstaff of Tomorrow {vamp, Will++
                  | Dex-3}
  2809 | D:4      | Noticed a scorpion
  2814 | D:4      | Killed a scorpion
  2815 | D:4      | Reached skill level 1 in Staves
  2815 | D:4      | Reached XP level 5. HP: 46/46 MP: 5/5
  3206 | D:5      | Entered Level 5 of the Dungeon
  3288 | D:5      | Reached skill level 2 in Staves
  3383 | D:5      | Reached XP level 6. HP: 53/53 MP: 6/6
  3425 | D:5      | Reached *** piety under Cheibriados
  3430 | D:5      | Reached skill level 3 in Staves
  3735 | D:5      | Found a hide-covered altar of Uskayaw.
  3828 | D:5      | Your scales start taking on a dull iron-grey colour.
  3828 | D:5      | Reached XP level 7. HP: 60/60 MP: 7/7
  3834 | D:5      | Reached skill level 4 in Staves
  3916 | D:5      | Reached skill level 5 in Fighting
  4340 | D:6      | Reached skill level 5 in Staves
  4561 | D:6      | Reached skill level 6 in Staves
  4664 | D:6      | Reached XP level 8. HP: 53/70 MP: 8/8
  4665 | D:6      | Reached **** piety under Cheibriados
  4821 | D:6      | Reached skill level 7 in Staves
  5185 | D:7      | Found a staircase to the Ecumenical Temple.
  5216 | D:7      | Noticed Pikel
  5239 | D:7      | Killed Pikel
  5240 | D:7      | Reached skill level 8 in Staves
  5371 | D:7      | Reached XP level 9. HP: 78/78 MP: 9/9
  5525 | D:7      | Reached ***** piety under Cheibriados
  5563 | D:7      | Reached skill level 9 in Staves
  5563 | D:7      | Reached skill level 5 in Dodging
  6228 | D:7      | Got the Grimoire of Mutagenic Venom
  6401 | D:8      | Reached skill level 10 in Staves
  6446 | D:8      | Found a staircase to the Lair.
  6451 | D:8      | Reached XP level 10. HP: 86/86 MP: 10/10
  6457 | D:8      | Reached skill level 11 in Staves
  6719 | D:8      | Found a hazy altar of Hepliaklqana.
  7064 | D:9      | You fall into a shaft and drop 3 floors!
  7090 | D:11     | Noticed a two-headed ogre
  7092 | D:11     | Noticed Sonja
  7096 | D:11     | Cast into level 1 of the Abyss (Sonja)
  7216 | Abyss:1  | Noticed a sun demon
  7216 | Abyss:1  | Noticed a balrug
  7217 | Abyss:1  | Noticed a sun demon
  7218 | Abyss:1  | HP: 4/88 [balrug/+1 demon whip of venom (25)]
  7219 | Abyss:1  | Noticed a sun demon
  7219 | Abyss:1  | Mangled by a balrug

Illustrated notes

Levels and vault maps discovered:
D:1:      elethiomel_arrival_infinity_welcomes_careful_drivers, layout_rooms,
          dreamdust_ecumenical_altar_grove
D:2:      layout_rooms
D:3:      layout_basic
D:4:      layout_loops_corners, minmay_overflow_temple_hex,
          grunt_decor_one_mirror, dk_noncrumbling_4
D:5:      layout_layer_cave, lemuel_round_altar, nicolae_zen_rock_garden
D:6:      layout_basic
D:7:      layout_basic, temple_pool_b, worms_lemuel, uniq_pikel
D:8:      layout_loops_ring, nicolae_hepliaklqana_hippocampus,
          due_lair_maze_entry_diamond
D:9:      layout_cave_pools, mainiacjoe_overflow_small_starburst
D:11:     layout_rooms, uniq_sonja, uniq_fannar
D:12:     layout_long_grid, minmay_orc_entry_guard_dogs,
          portal_ice_cave_entry_imps, corexii_checkpoint_a
Abyss:1:  base: D:5, evilmike_abyss_exit_8

Skill      XL: |  1  2  3  4  5  6  7  8  9 10 |
---------------+-------------------------------+-----
Dodging        | 3 4 6 |  6.2
Fighting       | 4 5 6 7 |  7.6
Axes           | 3 |  3.6
Staves         | 1 2 3 6 8 10 11 | 11.2
Short Blades   | |  0.6
Shields        | |  3.6

Action                   |  1- 3 |  4- 6 |  7- 9 | 10-12 || total
-------------------------+-------+-------+-------+-------++-------
Melee: War axe           |    47 |     9 |       |       ||    56
       Dagger            |    32 |       |       |       ||    32
       Tailslap          |     6 |     3 |    20 |     3 ||    32
       Quarterstaff      |       |    59 |   186 |    25 ||   270
Invok: Bend Time         |       |       |       |     1 ||     1
  Use: Scroll            |     2 |     4 |     3 |     9 ||    18
       Potion            |     2 |     1 |       |     1 ||     4
 Stab: Sleeping          |     1 |       |     4 |     1 ||     6
Armor: Skin              |    31 |    20 |    66 |     6 ||   123
Dodge: Dodged            |    66 |    44 |   200 |    30 ||   340
Block: Buckler           |    26 |     2 |       |       ||    28

Table legend: (Time is in decaauts)
 A = Elapsed time spent in this place.
 B = Non-inter-level travel time spent in this place.
 C = Inter-level travel time spent in this place.
 D = Time resting spent in this place.
 E = Time spent auto-exploring this place.
 F = Levels seen in this place.
 G = Mean time per level.
                   A        B        C        D        E       F      G
               +--------+--------+--------+--------+--------+-----+--------+
         Total |  10397 |  10016 |    381 |    625 |   8088 |  12 |  866.4 |
       Dungeon |  10230 |   9849 |    381 |    623 |   7934 |  11 |  930.0 |
         Abyss |    167 |    167 |      0 |      2 |    154 |   1 |  167.0 |
               +--------+--------+--------+--------+--------+-----+--------+

Top non-repeatable levels by time:
     D:5: 1697 daAuts
     D:7: 1663 daAuts
     D:3: 1618 daAuts
     D:6: 1300 daAuts
     D:8: 1294 daAuts
     D:1: 882 daAuts
     D:2: 829 daAuts
     D:4: 747 daAuts
 Abyss:1: 167 daAuts
     D:9: 139 daAuts
    D:12: 37 daAuts
    D:11: 18 daAuts
